 Dungeon Crawl Stone Soup version 0.29-a0-187-ga23d9638d5 (webtiles) character file.

Game seed: 5306026393292196820

729 siradein the Ruffian (level 7, -2/50 (68) HPs)
             Began as a Troll Fighter on Feb 21, 2022.
             Slain by an orc wizard (5 damage)
             ... on level 4 of the Dungeon.
             The game lasted 00:12:00 (3438 turns).

siradein the Ruffian (Troll Fighter)                Turns: 3438, Time: 00:12:01

HP:   -2/50 (68)    AC:  4    Str: 25    XL:     7   Next: 44%
MP:   6/6           EV:  9    Int:  4    God:
Gold: 244           SH:  0    Dex: 11    Spells: 6/6 levels left

rFire   . . .      SeeInvis .     - Unarmed
rCold   . . .      Faith    .   b - +0 kite shield
rNeg    . . .      Spirit   .   a - +0 robe
rPois   .          Reflect  .   (helmet restricted)
rElec   .          Harm     .   (no cloak)
rCorr   .          Rampage  .   (gloves unavailable)
Will    .....                   (boots unavailable)
Stlth   +.........              (no amulet)
HPRegen 0.96/turn               (no ring)
MPRegen 0.10/turn               (no ring)

@: confused, very heavily drained
A: large, unfitting armour, claws 3, regeneration 1, shaggy fur 1, tough skin 1
a: no special abilities


You were on level 4 of the Dungeon.
You visited 1 branch of the dungeon, and saw 4 of its levels.
You also visited: Sewer.

You collected 244 gold pieces.

Inventory:

Missiles
 e - 67 stones
 k - 6 poisoned darts (quivered)
 o - 4 boomerangs
Armour
 a - a +0 robe (worn)
 b - a +0 kite shield (worn)
Wands
 r - a wand of flame (16)
Scrolls
 d - a scroll of noise {unknown}
 f - a scroll of magic mapping {unknown}
 h - 5 scrolls of teleportation
 i - a scroll of enchant armour {unknown}
 l - 2 scrolls of vulnerability {unknown}
 m - 3 scrolls of identify {unknown}
 s - a scroll of enchant weapon {unknown}
Potions
 c - a potion of might
 g - a potion of invisibility {unknown}
 j - 4 potions of curing {unknown}
 p - a potion of mutation {unknown}
 q - 2 potions of haste
Miscellaneous
 n - a box of beasts


   Skills:
 + Level 3.9 Fighting
 + Level 2.9 Throwing
 + Level 3.9 Dodging
 + Level 3.9 Shields
 + Level 4.1 Unarmed Combat


You had 6 spell levels left.
You didn't know any spells.
Your spell library contained the following spells:

 Spells                   Type           Power      Damage    Failure   Level
 Animate Skeleton         Necr           0%         N/A       78%         1
 Apportation              Tloc           0%         N/A       78%         1
 Summon Small Mammal      Summ           0%         N/A       78%         1
 Call Canine Familiar     Summ           0%         N/A       98%         3
 Portal Projectile        Hex/Tloc       0%         N/A       98%         3
 Leda's Liquefaction      Hex/Erth       0%         N/A       100%        4


Dungeon Overview and Level Annotations

Branches:
Dungeon (4/15)              Sewer (visited)
 Temple: D:4-7

Altars:
Cheibriados
Xom
The Shining One

Annotations:
D:4 1 runed translucent door, axecop's ghost, amateur HODe


Innate Abilities, Weirdness & Mutations

You are too large for most types of armour.
You have claws for hands.
Your natural rate of healing is unusually fast.
You are covered in fur. (AC +1)
You have tough skin. (AC +1)


Message History

No reachable target in view!
No reachable target in view!
No reachable target in view!
You miss something. Something hits you.
You closely miss something. Something hits you.
You barely miss something.
You hear some strange, mumbled words.
A magic dart appears from out of thin air!
The magic dart hits you.
You scratch something. Something hits you.
You completely miss something.
You hear some strange, mumbled words.
A magic dart appears from out of thin air!
The magic dart hits you!
You barely miss something. Something completely misses you.
You claw something! Something hits you.
You scratch something but do no damage.
You hear some strange, mumbled words.
You are confused.
Something hits you but does no damage.
You hear some strange, mumbled words.
You are more confused.
You hear some strange, mumbled words.
A puff of flame appears from out of thin air!
The puff of flame hits you.
* * * LOW HITPOINT WARNING * * *
Something hits you.
* * * LOW HITPOINT WARNING * * *
Something hits you but does no damage. Something hits you.
* * * LOW HITPOINT WARNING * * *
You miss something. Something hits you.
* * * LOW HITPOINT WARNING * * *
You completely miss something.
You hear some strange, mumbled words.
A puff of flame appears from out of thin air!
The puff of flame hits you.
* * * LOW HITPOINT WARNING * * *
Something hits you.
You die...

#..>.....# #..†<....#
#........# ### #........#
#♣8♣# #........###W).#
.######.......##+##
o.....#....†......#
......'...)...{...#
..o...#.......@..##
...######..........#
...#........####'##.....
...#........#....$#$....
...#........#.....+......
...#........#.....#......
##'#........#.##'##......
.........####.##..###+###
....w....#..W.w....#


You could see axecop's ghost.

Vanquished Creatures
  Pargi (Sewer)
  A necrophage (D:4)
  2 phantoms (D:3)
  A hound (D:4)
  An orc priest (D:3)
  A bullfrog skeleton (D:4)
  Jessica (D:3)
  2 iguanas
  4 orc wizards
  5 adders
  4 dart slugs
  6 orcs
  9 ball pythons
  8 bats
  7 endoplasms
  4 giant cockroaches
  3 goblins
  6 hobgoblins
  3 jackals (D:2)
  4 quokkas
  7 frilled lizards
  7 kobolds
  9 rats
96 creatures vanquished.

Vanquished Creatures (others)
  An ogre (D:4)
  A hound (D:4)
2 creatures vanquished.

Grand Total: 98 creatures vanquished

Notes
Turn   | Place    | Note
-------+----------+-------------------------------------------
     0 | D:1      | siradein the Troll Fighter began the quest for the Orb.
     0 | D:1      | Reached XP level 1. HP: 22/22 MP: 0/0
    60 | D:1      | Reached XP level 2. HP: 29/29 MP: 1/1
   777 | D:2      | Found a faded altar of an unknown god.
   782 | D:2      | Reached XP level 3. HP: 32/36 MP: 2/2
  1622 | D:3      | Found a glowing drain.
  1632 | D:3      | Reached XP level 4. HP: 44/44 MP: 3/3
  1636 | Sewer    | Entered a sewer
  1684 | Sewer    | Noticed Pargi
  1695 | Sewer    | Killed Pargi
  1696 | Sewer    | Reached skill level 1 in Throwing
  1696 | Sewer    | Reached skill level 3 in Unarmed Combat
  1696 | Sewer    | Reached XP level 5. HP: 25/53 MP: 4/4
  1798 | D:3      | Noticed Jessica
  1804 | D:3      | Killed Jessica
  1814 | D:3      | Found a glowing golden altar of the Shining One.
  2749 | D:4      | Reached XP level 6. HP: 57/61 MP: 5/5
  2801 | D:4      | Found a snail-covered altar of Cheibriados.
  2958 | D:4      | Found a shimmering altar of Xom.
  3089 | D:4      | Found a runed translucent door.
  3089 | D:4      | Noticed axecop's ghost (amateur HODe)
  3160 | D:3      | Reached XP level 7. HP: 12/67 MP: 6/6
  3160 | D:3      | HP: 1/67 [iguana (12)]
  3297 | D:3      | Reached skill level 4 in Unarmed Combat
  3437 | D:4      | HP: 2/50 [something/puff of flame (5)]
  3438 | D:4      | Slain by an orc wizard

Illustrated notes

Levels and vault maps discovered:
D:1:      minmay_arrival_nine_rooms, layout_loops_ring
D:2:      layout_basic, chequers_ecumenical_altar_simple_redux
D:3:      layout_basic, tso_metal_star, cheibrodos_sewer_entry_drain,
          uniq_jessica
D:4:      layout_gridville, xom_confusion_cloud, overflow_temple_1_default,
          nzn_hepliaklqana_mist_gate, gammafunk_ghost_grave

Skill      XL: |  1  2  3  4  5  6  7 |
---------------+----------------------+-----
Fighting       | 3 |  3.9
Throwing       | 1 2 |  2.9
Dodging        | 3 |  3.9
Shields        | 3 |  3.9
Unarmed Combat | 3 4 |  4.1

Action                   |  1- 3 |  4- 6 |  7- 9 || total
-------------------------+-------+-------+-------++-------
Melee: Unarmed           |   111 |   115 |    72 ||   298
Throw: Dart              |       |     3 |       ||     3
  Use: Scroll            |     1 |       |       ||     1
 Stab: Sleeping          |     1 |     1 |       ||     2
Armor: Robe              |    24 |    56 |    18 ||    98
Dodge: Dodged            |    31 |    78 |    18 ||   127
Block: Kite shield       |    42 |    70 |    23 ||   135

Table legend: (Time is in decaauts)
 A = Elapsed time spent in this place.
 B = Non-inter-level travel time spent in this place.
 C = Inter-level travel time spent in this place.
 D = Time resting spent in this place.
 E = Time spent auto-exploring this place.
 F = Levels seen in this place.
 G = Mean time per level.
                   A        B        C        D        E       F      G
               +--------+--------+--------+--------+--------+-----+--------+
         Total |   3472 |   3383 |     89 |    187 |   2168 |   5 |  694.4 |
       Dungeon |   3349 |   3260 |     89 |    187 |   2117 |   4 |  837.2 |
         Sewer |    122 |    122 |      0 |      0 |     51 |   1 |  122.0 |
               +--------+--------+--------+--------+--------+-----+--------+

Top non-repeatable levels by time:
     D:3: 1329 daAuts
     D:2: 795 daAuts
     D:1: 753 daAuts
     D:4: 471 daAuts
   Sewer: 122 daAuts
